 Dungeon Crawl Stone Soup version 0.22.1-1-ga44c0e5 (webtiles) character file.

2067 Leaning the Covered (level 9, -2/73 HPs)
             Began as a Gnoll Wanderer on Sept 29, 2018.
             Was a Believer of Yredelemnul.
             Killed from afar by an orc wizard (4 damage)
             ... with a magic dart
             ... on level 7 of the Dungeon.
             The game lasted 00:28:38 (6368 turns).

Leaning the Covered (Gnoll Wanderer)                Turns: 6368, Time: 00:28:41

Health: -2/73      AC:  5    Str: 18    XL:     9   Next: 26%
Magic:  14/15      EV: 13    Int: 14    God:    Yredelemnul [**....]
Gold:   299        SH:  4    Dex: 13    Spells: 16/16 levels left

rFire    . . .     SeeInvis +   t - +0 quarterstaff (curse)
rCold    . . .     Gourm    .   (shield currently unavailable)
rNeg     . . .     Faith    +   m - +0 ring mail
rPois    .         Spirit   .   (no helmet)
rElec    .         Reflect  .   p - +0 cloak
rCorr    .         Harm     .   (no gloves)
MR       .....                  (no boots)
Stlth    ++........             k - amulet of faith
HPRegen  0.22/turn              (no ring)
MPRegen  0.14/turn              v - ring of see invisible

@: slowed, very slow
A: distributed training, fangs 2, large bone plates 1, blink, deformed body,
weak 1, no potion heal 1, strong nose
a: Blink, Animate Remains, Recall Undead Slaves, Injury Mirror, Renounce
Religion


You were on level 7 of the Dungeon.
You worshipped Yredelemnul.
Yredelemnul was pleased with you.
You were very hungry.

You visited 1 branch of the dungeon, and saw 7 of its levels.
You also visited: Sewer.

You collected 299 gold pieces.

Inventory:

Hand Weapons
 a - a +2 hand axe
 b - a +0 whip of flaming
 e - a +0 dagger
 t - a cursed +0 quarterstaff (weapon)
 y - a +0 hunting sling
Missiles
 s - 95 arrows
 C - 7 tomahawks (quivered)
Armour
 d - a +0 robe
 g - a +0 leather armour
 m - a +0 ring mail (worn)
 p - a +0 cloak (worn)
 B - a +2 robe of magic resistance
 G - a +0 pair of gloves
Jewellery
 k - an amulet of faith (around neck)
 n - an uncursed ring of protection from cold
 v - a ring of see invisible (right hand)
 z - a cursed -2 ring of strength {unknown}
Scrolls
 j - a scroll of enchant armour
 q - 2 scrolls of blinking
 r - 5 scrolls of teleportation
 w - 5 scrolls of remove curse
 x - 2 scrolls of fog
 E - a scroll of magic mapping {unknown}
 F - 2 scrolls of enchant weapon {unknown}
 H - a scroll of torment {unknown}
Potions
 c - 5 potions of curing
 h - 2 potions of might
 i - a potion of flight
 l - a potion of agility
 o - a potion of heal wounds {unknown}
 u - 2 potions of brilliance {unknown}
 A - a potion of resistance {unknown}
 D - a potion of haste {unknown}
 I - a potion of degeneration {unknown}
Comestibles
 f - 4 rations


   Skills:
 + Level 7.7 Fighting
 + Level 4.0 Short Blades
 + Level 4.0 Long Blades
 + Level 6.1 Axes
 + Level 4.0 Maces & Flails
 + Level 4.0 Polearms
 + Level 4.0 Staves
 + Level 4.0 Slings
 + Level 4.0 Bows
 + Level 4.0 Crossbows
 + Level 4.0 Throwing
 + Level 7.7 Armour
 + Level 4.0 Dodging
 + Level 5.8 Stealth
 + Level 4.0 Shields
 + Level 4.0 Unarmed Combat
 + Level 4.0 Spellcasting
 + Level 3.3 Conjurations
 + Level 3.3 Hexes
 + Level 3.3 Charms
 + Level 3.3 Summonings
 + Level 3.3 Necromancy
 + Level 3.3 Translocations
 + Level 3.3 Transmutations
 + Level 3.3 Fire Magic
 + Level 3.3 Ice Magic
 + Level 3.3 Air Magic
 + Level 3.3 Earth Magic
 + Level 3.3 Poison Magic
 + Level 4.4 Invocations
 + Level 4.0 Evocations


You had 16 spell levels left.
You didn't know any spells.
Your spell library was empty.

Dungeon Overview and Level Annotations

Branches:
Dungeon (7/15)             Temple (0/1) D:6

Altars:
Ashenzari
Gozag
Kikubaaqudgha
Nemelex Xobeh
Ru
Yredelemnul

Annotations:
D:7 Joseph


Innate Abilities, Weirdness & Mutations

Your experience applies equally to all skills.
You have extremely sharp teeth.
Your uncanny sense of smell can sniff out nearby items.
You are partially covered in large bone plates. (SH +4)
You can translocate small distances at will.
Armour fits poorly on your strangely shaped body.
You are weak. (Str -2)
Potions are less effective at restoring your health.


Message History

The orc warrior hits you with a halberd!
* * * LOW HITPOINT WARNING * * *
The iguana misses you.
Your adder zombie bites the iguana.
The orc warrior barely misses you. The orc wizard casts a spell at you.
You feel as though you will be slow longer.
Your adder zombie bites the iguana but does no damage.
Blink to where?
Press: ? - help, Dir - move target cursor, f - you
Okay, then.
Blink to where?
Press: ? - help, Dir - move target cursor, f - you
Okay, then.
Your adder zombie bites the iguana but does no damage.
You block the orc wizard's attack.
Your adder zombie bites the iguana.
You block the orc warrior's attack. The orc wizard casts a spell at you.
The magic dart hits you!
You die...
Your body rises from the dead as a mindless zombie.

...............
#......(......
#.........!.. ..
#........# ##### #.#
#...Z...# ..... #.#
#..l....#...... #.##
#.#o###.#...... #...
# #o# #...r._..∆#...
#.#@###.#...... #...
#..>....#...... #...
#..)....# ..... #.##
#.......#########.#
#.................#
#..........#..######
#............##
............###
#.#.........#


You could see an orc warrior, an iguana, an orc wizard and a friendly adder
zombie.

Vanquished Creatures
  Pikel (D:4)
  Duvessa (D:5)
  A water moccasin (D:5)
  A sky beast (D:6)
  2 slaves (D:4)
  An orc warrior (D:5)
  An ogre (D:4)
  A phantom (D:4)
  2 bullfrogs (D:3)
  Dowan (D:5)
  A scorpion (D:6)
  A howler monkey (D:4)
  A crimson imp (D:7)
  A hound (D:4)
  A jelly (D:6)
  An orc priest (D:6)
  2 centaur skeletons
  2 orc wizards
  A bullfrog skeleton (D:4)
  An iguana (D:6)
  Natasha (D:3)
  A merfolk siren (Sewer)
  4 worker ants
  A merfolk avatar (Sewer)
  A hound skeleton (D:5)
  8 adders
  5 river rats
  A shadow imp (D:5)
  An ooze (D:5)
  An adder skeleton (D:4)
  4 worms
  A dart slug (D:1)
  3 leopard geckos
  10 orcs
  2 giant cockroaches (Sewer)
  2 goblins (D:2)
  6 hobgoblins
  17 jackals
  2 quokkas
  9 ball pythons
  8 bats
  8 frilled lizards
  A jackal skeleton (D:5)
  5 kobolds
  33 rats
159 creatures vanquished.

Vanquished Creatures (collateral kills)
  A scorpion (D:6)
  A hound (D:5)
  An adder (D:5)
  A shadow imp (D:5)
  2 adder skeletons (D:5)
  An orc (D:6)
7 creatures vanquished.

Vanquished Creatures (others)
  A sky beast zombie (D:6)
  A worker ant zombie (D:5)
  An adder zombie (D:6)
  A worm (D:4)
  An orc zombie (D:6)
5 creatures vanquished.

Grand Total: 171 creatures vanquished

Notes
Turn   | Place    | Note
-------+----------+-------------------------------------------
     0 | D:1      | Leaning the Gnoll Wanderer began the quest for the Orb.
     0 | D:1      | Leaning set off with: a +2 hand axe, a potion of
                  | lignification, a potion of curing, a +0 robe, a +0 dagger,
                  | a ration
     0 | D:1      | Reached XP level 1. HP: 23/23 MP: 1/1
   388 | D:1      | Reached XP level 2. HP: 29/29 MP: 2/2
   740 | D:2      | Reached XP level 3. HP: 30/35 MP: 3/3
   882 | D:2      | Reached skill level 1 in Invocations
   960 | D:2      | Found a basalt altar of Yredelemnul.
  1092 | D:3      | Noticed a bullfrog
  1104 | D:3      | Killed a bullfrog
  1104 | D:3      | Reached skill level 1 in Short Blades
  1104 | D:3      | Reached skill level 1 in Long Blades
  1104 | D:3      | Reached skill level 1 in Maces & Flails
  1104 | D:3      | Reached skill level 1 in Polearms
  1104 | D:3      | Reached skill level 1 in Staves
  1104 | D:3      | Reached skill level 1 in Slings
  1104 | D:3      | Reached skill level 1 in Bows
  1104 | D:3      | Reached skill level 1 in Crossbows
  1104 | D:3      | Reached skill level 1 in Throwing
  1104 | D:3      | Reached skill level 1 in Dodging
  1104 | D:3      | Reached skill level 1 in Shields
  1104 | D:3      | Reached skill level 1 in Unarmed Combat
  1104 | D:3      | Reached skill level 1 in Spellcasting
  1104 | D:3      | Reached skill level 1 in Conjurations
  1104 | D:3      | Reached skill level 1 in Hexes
  1104 | D:3      | Reached skill level 1 in Charms
  1104 | D:3      | Reached skill level 1 in Summonings
  1104 | D:3      | Reached skill level 1 in Necromancy
  1104 | D:3      | Reached skill level 1 in Translocations
  1104 | D:3      | Reached skill level 1 in Transmutations
  1104 | D:3      | Reached skill level 1 in Fire Magic
  1104 | D:3      | Reached skill level 1 in Ice Magic
  1104 | D:3      | Reached skill level 1 in Air Magic
  1104 | D:3      | Reached skill level 1 in Earth Magic
  1104 | D:3      | Reached skill level 1 in Poison Magic
  1104 | D:3      | Reached skill level 1 in Evocations
  1104 | D:3      | Reached XP level 4. HP: 16/41 MP: 5/5
  1112 | D:3      | Found an opulent altar of Gozag.
  1235 | D:3      | Reached XP level 5. HP: 38/47 MP: 6/6
  1339 | D:3      | Found a glowing drain.
  1442 | Sewer    | Entered a sewer
  1599 | Sewer    | Reached XP level 6. HP: 53/53 MP: 8/8
  1819 | Sewer    | Reached skill level 5 in Axes
  2234 | D:2      | Became a worshipper of Yredelemnul the Dark
  2712 | D:3      | Noticed Natasha
  2717 | D:3      | Killed Natasha
  3162 | D:4      | Noticed a slave
  3163 | D:4      | Noticed Pikel
  3164 | D:4      | Noticed a slave
  3177 | D:4      | Killed a slave
  3182 | D:4      | Noticed a slave
  3188 | D:4      | Killed a slave
  3200 | D:4      | Noticed a slave
  3203 | D:4      | Killed Pikel
  3203 | D:4      | Reached skill level 5 in Stealth
  3203 | D:4      | Reached XP level 7. HP: 60/60 MP: 9/11
  3203 | D:4      | Reached XP level 8. HP: 67/67 MP: 9/12
  3559 | D:4      | Reached * piety under Yredelemnul
  3619 | D:4      | Found a sparkling altar of Nemelex Xobeh.
  3685 | D:5      | Entered Level 5 of the Dungeon
  4140 | D:5      | Noticed Dowan
  4234 | D:5      | Noticed Duvessa
  4243 | D:5      | Killed Duvessa
  4252 | D:5      | Killed Dowan
  5057 | D:6      | Found an ancient bone altar of Kikubaaqudgha.
  5073 | D:6      | Reached XP level 9. HP: 21/72 MP: 14/14
  5760 | D:6      | Gained mutation: You have a pair of small horns on your
                  | head. [potion of mutation]
  5760 | D:6      | Gained mutation: Potions are less effective at restoring
                  | your health. [potion of mutation]
  5760 | D:6      | Gained mutation: Scrolls take you a little longer to read.
                  | [potion of mutation]
  5760 | D:6      | Gained mutation: You can translocate small distances at
                  | will. [potion of mutation]
  5765 | D:6      | Found a staircase to the Ecumenical Temple.
  6121 | D:6      | Lost mutation: You have a pair of small horns on your head.
                  | [potion of mutation]
  6121 | D:6      | Lost mutation: Scrolls take you a little longer to read.
                  | [potion of mutation]
  6121 | D:6      | Gained mutation: You have extremely sharp teeth. [potion of
                  | mutation]
  6121 | D:6      | Gained mutation: You are weak. (Str -2) [potion of
                  | mutation]
  6121 | D:6      | Gained mutation: Armour fits poorly on your strangely
                  | shaped body. [potion of mutation]
  6121 | D:6      | Gained mutation: You are partially covered in large bone
                  | plates. (SH +4) [potion of mutation]
  6279 | D:7      | Found a sacrificial altar of Ru.
  6296 | D:7      | Noticed Joseph
  6325 | D:7      | Found a shattered altar of Ashenzari.
  6358 | D:7      | Reached ** piety under Yredelemnul
  6366 | D:7      | HP: 2/73 [orc warrior/halberd (15)]
  6368 | D:7      | Killed from afar by an orc wizard

Skill      XL: |  1  2  3  4  5  6  7  8  9 |
---------------+----------------------------+-----
Invocations    | 1 3 4 |  4.4
Short Blades   | 1 2 3 4 |  4.0
Long Blades    | 1 2 3 4 |  4.0
Maces & Flails | 1 2 3 4 |  4.0
Polearms       | 1 2 3 4 |  4.0
Staves         | 1 2 3 4 |  4.0
Slings         | 1 2 3 4 |  4.0
Bows           | 1 2 3 4 |  4.0
Crossbows      | 1 2 3 4 |  4.0
Throwing       | 1 2 3 4 |  4.0
Dodging        | 1 2 3 4 |  4.0
Shields        | 1 2 3 4 |  4.0
Unarmed Combat | 1 2 3 4 |  4.0
Spellcasting   | 1 2 3 4 |  4.0
Conjurations   | 1 2 3 |  3.3
Hexes          | 1 2 3 |  3.3
Charms         | 1 2 3 |  3.3
Summonings     | 1 2 3 |  3.3
Necromancy     | 1 2 3 |  3.3
Translocations | 1 2 3 |  3.3
Transmutations | 1 2 3 |  3.3
Fire Magic     | 1 2 3 |  3.3
Ice Magic      | 1 2 3 |  3.3
Air Magic      | 1 2 3 |  3.3
Earth Magic    | 1 2 3 |  3.3
Poison Magic   | 1 2 3 |  3.3
Evocations     | 1 2 3 4 |  4.0
Axes           | 5 6 |  6.1
Fighting       | 7 |  7.7
Armour         | 7 |  7.7
Stealth        | 5 |  5.8

Action                   |  1- 3 |  4- 6 |  7- 9 || total
-------------------------+-------+-------+-------++-------
Melee: Hand axe          |   138 |   213 |   189 ||   540
       Bite              |    12 |    16 |    35 ||    63
       Punch             |       |       |     5 ||     5
       Quarterstaff      |       |       |    20 ||    20
       Headbutt          |       |       |     7 ||     7
Throw: Tomahawk          |       |       |     1 ||     1
Invok: Animate Remains   |       |       |    10 ||    10
  Use: Scroll            |     6 |     1 |     1 ||     8
       Potion            |       |     7 |     3 ||    10
 Stab: Sleeping          |     3 |     6 |     3 ||    12
       Distracted        |       |       |     1 ||     1
  Eat: Chunk             |       |     2 |     4 ||     6
       Ration            |       |     2 |     2 ||     4
Armor: Ring mail         |    76 |    67 |    53 ||   196
       Skin              |       |    24 |       ||    24
Dodge: Dodged            |    86 |    98 |   101 ||   285
Block: Other             |       |       |     5 ||     5
